[Event "3rd FIDE WCCC Rapid G10 2019"]
[Site "Minsk"]
[Date "2019.08.16"]
[Round "1.1"]
[White "Shukhman, Anna"]
[Black "Sialitskaya, Vasilina"]
[Result "1-0"]
[ECO "C68"]
[WhiteElo "1806"]
[BlackElo "1159"]
[Annotator "NA"]
[PlyCount "65"]
[EventDate "2019.08.16"]
[EventType "swiss"]
[EventCountry "BLR"]
[SourceTitle "playchess.com"]
[Source "ChessBase"]
[SourceQuality "1"]
[TimeControl "600+5"]

1. e4 e5 2. Nf3 Nc6 3. Bb5 a6 4. Bxc6 dxc6 5. O-O Bd6 6. d4 exd4 7. Qxd4 f6 8. Nbd2 Ne7 9. Nc4 O-O 10. Be3 Be6 11. Qc3 Ng6 12. Rad1 Qe7 13. Nd4 Ne5 14. Nf5 Bxf5 15. exf5 Bb4 16. Qb3 Kh8 17. c3 Nxc4 18. Qxc4 Bd6 19. Bd4 Rfe8 20. Qb3 c5 21. Be3 Qe5 22. g3 Qxf5 23. Qxb7 Rab8 24. Qc6 Re6 25. Qd7 Re5 26. Qa4 Qh5 27. Bf4 Rf5 28. Bxd6 cxd6 29. Rxd6 Qh6 30. Rfd1 Kg8 31. Qc4+ Kf8 32. Qe6 Re8 33. Qxf5 1-0

[Event "3rd FIDE WCCC Rapid G10 2019"]
[Site "Minsk"]
[Date "2019.08.16"]
[Round "1.2"]
[White "Bendik, Margarita"]
[Black "Basova, Polina"]
[Result "0-1"]
[ECO "B31"]
[WhiteElo "1188"]
[BlackElo "1610"]
[Annotator "NA"]
[PlyCount "140"]
[EventDate "2019.08.16"]
[EventType "swiss"]
[EventCountry "BLR"]
[SourceTitle "playchess.com"]
[Source "ChessBase"]
[SourceQuality "1"]
[TimeControl "600+5"]

1. e4 c5 2. Nf3 Nc6 3. Bb5 g6 4. Bxc6 dxc6 5. d3 Bg7 6. Nc3 Bg4 7. h3 Bxf3 8. Qxf3 Nf6 9. Bd2 O-O 10. O-O Re8 11. Rfe1 c4 12. Re3 Qb6 13. Rb1 cxd3 14. Rxd3 Red8 15. Rxd8+ Rxd8 16. Be3 Qc7 17. Qf4 Qxf4 18. Bxf4 Nh5 19. Be3 b6 20. Ne2 Nf6 21. f3 Ne8 22. c3 c5 23. Nf4 Bh6 24. Kf2 Nf6 25. Re1 c4 26. Re2 e5 27. Nd5 Bxe3+ 28. Nxe3 b5 29. a4 a6 30. axb5 axb5 31. Nc2 Nh5 32. g3 Kf8 33. Na3 Rb8 34. Rd2 Nf6 35. Nc2 Ke8 36. Nb4 Rb6 37. Nd5 Nxd5 38. Rxd5 f6 39. Ke3 Ke7 40. Rc5 Kd7 41. f4 exf4+ 42. gxf4 Rb8 43. Kd4 h6 44. Rd5+ Kc6 45. Rc5+ Kb6 46. Rd5 Kc6 47. e5 fxe5+ 48. fxe5 Kc7 49. Rd6 Rg8 50. Kc5 Re8 51. Kd5 Rg8 52. e6 g5 53. Rc6+ Kd8 54. Rb6 Kc7 55. Rxb5 h5 56. Rc5+ Kd8 57. Kd6 Rg6 58. Rxc4 g4 59. Ke5 g3 60. Rd4+ Ke8 61. Kd6 g2 62. Rb4 Kf8 63. Rb8+ Kg7 64. Kd7 g1=Q 65. e7 Qd1+ 66. Ke8 Qd6 67. Rd8 Qc6+ 68. Rd7 Rd6 69. Kd8 Rxd7+ 70. Ke8 Rd6# 0-1

[Event "3rd FIDE WCCC Rapid G10 2019"]
[Site "Minsk"]
[Date "2019.08.16"]
[Round "1.3"]
[White "Smietanska, Wiktoria"]
[Black "Tabermakova, Leila"]
[Result "1-0"]
[ECO "A27"]
[WhiteElo "1594"]
[BlackElo "1136"]
[Annotator "NA"]
[PlyCount "75"]
[EventDate "2019.08.16"]
[EventType "swiss"]
[EventCountry "BLR"]
[SourceTitle "playchess.com"]
[Source "ChessBase"]
[SourceQuality "1"]
[TimeControl "600+5"]

1. c4 e5 2. Nc3 Nc6 3. Nf3 f5 4. g3 Nf6 5. Bg2 g6 6. d3 Bg7 7. Rb1 a5 8. a3 O-O 9. O-O d6 10. b4 axb4 11. axb4 Qe8 12. b5 Ne7 13. Bb2 h6 14. Qb3 Kh8 15. Ra1 Rxa1 16. Rxa1 g5 17. Ra7 c6 18. bxc6 bxc6 19. Ba3 Qd8 20. Nxe5 c5 21. Rxe7 Qxe7 22. Ng6+ Kh7 23. Nxe7 Be6 24. Ned5 Nxd5 25. Bxd5 Bxd5 26. Nxd5 f4 27. Qb6 fxg3 28. hxg3 Bd4 29. e3 Be5 30. Qc7+ Kh8 31. Bxc5 Ra8 32. Bxd6 Ra1+ 33. Kg2 Bxd6 34. Qxd6 Kh7 35. Qe7+ Kg6 36. Qf6+ Kh5 37. Qf7+ Kg4 38. Qf3# 1-0

[Event "3rd FIDE WCCC Rapid G10 2019"]
[Site "Minsk"]
[Date "2019.08.16"]
[Round "1.4"]
[White "Karpenkava, Palina"]
[Black "Fedorova, Olesya"]
[Result "0-1"]
[ECO "A45"]
[WhiteElo "1140"]
[BlackElo "1578"]
[Annotator "NA"]
[PlyCount "128"]
[EventDate "2019.08.16"]
[EventType "swiss"]
[EventCountry "BLR"]
[SourceTitle "playchess.com"]
[Source "ChessBase"]
[SourceQuality "1"]
[TimeControl "600+5"]

1. d4 Nf6 2. Bg5 c5 3. c3 Qb6 4. Qc2 cxd4 5. cxd4 Nc6 6. e3 Qa5+ 7. Qd2 Qxg5 8. Nf3 Qa5 9. Nc3 g6 10. Be2 Bg7 11. O-O O-O 12. Rfe1 d5 13. Rac1 Bg4 14. a3 Bxf3 15. Bxf3 e6 16. Red1 Rac8 17. h3 a6 18. Rc2 b5 19. Rdc1 Qb6 20. Na2 Qb7 21. Be2 Ne4 22. Qe1 Na7 23. Rxc8 Rxc8 24. Nb4 Bf8 25. Nd3 Rxc1 26. Qxc1 Qc6 27. Qd1 Bd6 28. f3 Ng3 29. Kf2 Nxe2 30. Kxe2 Kf8 31. Nf2 Qc4+ 32. Qd3 Ke7 33. Ng4 h5 34. Nf2 Nc6 35. Kd2 Qxd3+ 36. Kxd3 Na5 37. Nd1 Nc4 38. g4 hxg4 39. hxg4 a5 40. b3 Nxa3 41. Kc3 b4+ 42. Kb2 Nb5 43. Nf2 Bg3 44. Nd3 Nc3 45. Kc2 Kd6 46. Nc5 Kc6 47. Nd3 Bd6 48. Kd2 Kb5 49. Kc2 a4 50. bxa4+ Kxa4 51. Nb2+ Ka3 52. Nd3 Na4 53. f4 b3+ 54. Kb1 Nc3+ 55. Kc1 Ka2 56. g5 b2+ 57. Nxb2 Ba3 58. Kc2 Bxb2 59. Kd3 Kb3 60. Kd2 Kc4 61. Kc2 Ba3 62. Kd2 Ne4+ 63. Ke2 Kc3 64. Kf3 Kd3 0-1

[Event "3rd FIDE WCCC Rapid G10 2019"]
[Site "Minsk"]
[Date "2019.08.16"]
[Round "1.5"]
[White "Nurgaliyeva, Zarina"]
[Black "Prochaieva, Yelyzaveta"]
[Result "1-0"]
[ECO "B01"]
[WhiteElo "1474"]
[BlackElo "1145"]
[Annotator "NA"]
[PlyCount "81"]
[EventDate "2019.08.16"]
[EventType "swiss"]
[EventCountry "BLR"]
[SourceTitle "playchess.com"]
[Source "ChessBase"]
[SourceQuality "1"]
[TimeControl "600+5"]

1. e4 d5 2. exd5 Qxd5 3. Nc3 Qd6 4. d4 g6 5. Nb5 Qd8 6. c4 Bg7 7. Nf3 Nf6 8. Bf4 Na6 9. Be2 O-O 10. O-O b6 11. Ne5 Bb7 12. Bf3 Qc8 13. Nc6 Re8 14. Ncxa7 Qb8 15. Nc6 Qc8 16. Re1 e6 17. Qd2 Qd7 18. Ne7+ Rxe7 19. Bxb7 Rb8 20. Bxa6 Rd8 21. Bxc7 Rde8 22. Bd6 e5 23. Bxe7 Rxe7 24. Rad1 exd4 25. Rxe7 Qxe7 26. Qxd4 Ne8 27. Qd8 Qxd8 28. Rxd8 Kf8 29. Nc7 f6 30. Nxe8 Bh6 31. Nxf6+ Kg7 32. Nd5 Kf7 33. Nxb6 Ke7 34. Rd1 Ke6 35. c5 Bg5 36. g3 Ke7 37. c6 Ke6 38. c7 Ke5 39. c8=Q Ke4 40. Qe6+ Kf3 41. Bb7# 1-0

[Event "3rd FIDE WCCC Rapid G10 2019"]
[Site "Minsk"]
[Date "2019.08.16"]
[Round "1.6"]
[White "Krotava, Viktoryia"]
[Black "Efimova, Darya"]
[Result "0-1"]
[ECO "D00"]
[WhiteElo "1144"]
[BlackElo "1385"]
[Annotator "NA"]
[PlyCount "150"]
[EventDate "2019.08.16"]
[EventType "swiss"]
[EventCountry "BLR"]
[SourceTitle "playchess.com"]
[Source "ChessBase"]
[SourceQuality "1"]
[TimeControl "600+5"]

1. d4 d5 2. Bg5 h6 3. Bf4 c5 4. e3 Nc6 5. c3 Bf5 6. Bd3 Qd7 7. Nf3 Nf6 8. O-O Ne4 9. Bxe4 Bxe4 10. Nbd2 Bh7 11. Qb3 e6 12. a4 Be7 13. Qd1 O-O 14. Ne5 Nxe5 15. Bxe5 f5 16. Qf3 c4 17. Qg3 Bf6 18. Bf4 Kh8 19. Nf3 Rf7 20. Be5 Raf8 21. Bf4 Qd8 22. Ra3 g5 23. Be5 Rg7 24. Nd2 Bxe5 25. Qxe5 Qe7 26. Raa1 f4 27. b3 cxb3 28. Nxb3 f3 29. g3 Qf7 30. Nc5 Re8 31. Rab1 b6 32. Nd3 Bxd3 33. Rfd1 Bxb1 34. Rxb1 Qh5 35. Kh1 Qh3 36. Rg1 Qf5 37. Qd6 h5 38. Qc6 Reg8 39. c4 dxc4 40. Qxc4 Qd5 41. Qd3 h4 42. Qd1 hxg3 43. Rxg3 g4 44. Qc2 Qf5 45. Qxf5 exf5 46. Kg1 Rc8 47. Kh1 Rc1+ 48. Rg1 Rxg1+ 49. Kxg1 Rc7 50. h4 gxh3 51. Kh2 Rc2 52. Kxh3 Rxf2 53. Kg3 Ra2 54. Kxf3 Rxa4 55. Kf4 Ra5 56. e4 fxe4 57. Kxe4 Rb5 58. Kd3 a5 59. Kc4 Rb4+ 60. Kc3 Kg7 61. d5 Kf6 62. d6 Ke6 63. d7 Kxd7 64. Kc2 a4 65. Kc3 a3 66. Kxb4 a2 67. Kb3 a1=Q 68. Kb4 Qb2+ 69. Kc4 b5+ 70. Kd3 b4 71. Kc4 Qc3+ 72. Kb5 b3 73. Ka6 b2 74. Ka7 b1=Q 75. Ka8 Qa3# 0-1

[Event "3rd FIDE WCCC Rapid G10 2019"]
[Site "Minsk"]
[Date "2019.08.16"]
[Round "2.1"]
[White "Moskalets, Sofiia"]
[Black "Shukhman, Anna"]
[Result "0-1"]
[ECO "B23"]
[WhiteElo "1291"]
[BlackElo "1806"]
[Annotator "NA"]
[PlyCount "118"]
[EventDate "2019.08.16"]
[EventType "swiss"]
[EventCountry "BLR"]
[SourceTitle "playchess.com"]
[Source "ChessBase"]
[SourceQuality "1"]
[TimeControl "600+5"]

1. e4 c5 2. Nc3 e6 3. g3 Nc6 4. Bg2 g6 5. Nge2 Bg7 6. O-O Nge7 7. d3 O-O 8. Be3 Nd4 9. f4 d6 10. Bf2 Bd7 11. Nxd4 cxd4 12. Ne2 Nc6 13. g4 Qb6 14. Rb1 f5 15. g5 e5 16. exf5 Bxf5 17. h4 Bg4 18. Bg3 Rae8 19. Bf3 Bxf3 20. Rxf3 e4 21. Rf1 Qc5 22. a3 Qf5 23. Kh2 exd3 24. cxd3 Re3 25. Nc1 Rfe8 26. Qb3+ Kh8 27. Qxb7 Qg4 28. Rg1 Ne5 29. fxe5 Rxg3 30. Rxg3 Bxe5 31. Qg2 Qxh4+ 32. Kg1 Bxg3 33. Ne2 Bh2+ 34. Qxh2 Qxh2+ 35. Kxh2 Rxe2+ 36. Kg1 Rd2 37. Kf1 Rxd3 38. Re1 Rf3+ 39. Kg2 Rf5 40. Rd1 Rxg5+ 41. Kf3 Rb5 42. Rd2 d5 43. b4 Kg7 44. Rxd4 Kf6 45. a4 Rb7 46. b5 Ke5 47. Ke3 Rf7 48. Rd1 Rf4 49. Rb1 d4+ 50. Ke2 Ke4 51. a5 d3+ 52. Kd2 Rf2+ 53. Kc3 d2 54. b6 axb6 55. axb6 Ke3 56. b7 Rf8 57. Kc2 Ke2 58. Rd1 Rd8 59. Kc3 Kxd1 0-1

[Event "3rd FIDE WCCC Rapid G10 2019"]
[Site "Minsk"]
[Date "2019.08.16"]
[Round "2.2"]
[White "Basova, Polina"]
[Black "Kamenskaya, Marina"]
[Result "0-1"]
[ECO "D52"]
[WhiteElo "1610"]
[BlackElo "1292"]
[Annotator "NA"]
[PlyCount "80"]
[EventDate "2019.08.16"]
[EventType "swiss"]
[EventCountry "BLR"]
[SourceTitle "playchess.com"]
[Source "ChessBase"]
[SourceQuality "1"]
[TimeControl "600+5"]

1. d4 d5 2. c4 e6 3. Nc3 Nf6 4. Bg5 Nbd7 5. e3 c6 6. Nf3 Qa5 7. Qd2 Bb4 8. cxd5 Ne4 9. Qc2 Nxc3 10. Nd2 Nxd5 11. e4 N5f6 12. Be3 O-O 13. Be2 e5 14. O-O exd4 15. Nc4 Qc5 16. a3 dxe3 17. axb4 exf2+ 18. Rxf2 Qxb4 19. e5 Nd5 20. Bd3 h6 21. Ra4 Qe7 22. Qe2 b5 23. Ra1 bxc4 24. Bxc4 Qxe5 25. Re1 Qxe2 26. Rfxe2 N7b6 27. Bb3 Ba6 28. Rc2 Rfe8 29. Rxe8+ Rxe8 30. Rxc6 Re1+ 31. Kf2 Re2+ 32. Kg3 Re3+ 33. Kf2 Rxb3 34. Rc2 Nb4 35. Rd2 Nc4 36. Rd8+ Kh7 37. Rd7 Rxb2+ 38. Ke1 Bb5 39. Rxa7 Nd3+ 40. Kd1 Ne3# 0-1

[Event "3rd FIDE WCCC Rapid G10 2019"]
[Site "Minsk"]
[Date "2019.08.16"]
[Round "2.3"]
[White "Konkol, Sandra"]
[Black "Smietanska, Wiktoria"]
[Result "1/2-1/2"]
[ECO "B90"]
[WhiteElo "1257"]
[BlackElo "1594"]
[Annotator "NA"]
[PlyCount "182"]
[EventDate "2019.08.16"]
[EventType "swiss"]
[EventCountry "BLR"]
[SourceTitle "playchess.com"]
[Source "ChessBase"]
[SourceQuality "1"]
[TimeControl "600+5"]

1. e4 c5 2. Nf3 d6 3. d4 Nf6 4. Nc3 cxd4 5. Nxd4 a6 6. Bc4 e6 7. Bg5 Be7 8. O-O O-O 9. Re1 b5 10. Bb3 Qd7 11. Qf3 Bb7 12. Rad1 h6 13. Bxf6 Bxf6 14. Qg3 Rd8 15. h3 Qc7 16. Bxe6 Bxd4 17. Bxf7+ Qxf7 18. Rxd4 Qf6 19. Red1 Nc6 20. Rxd6 Rxd6 21. Rxd6 Qe5 22. Qxe5 Nxe5 23. b3 Rc8 24. Nd5 Bxd5 25. exd5 Rxc2 26. Rxa6 Rd2 27. d6 Nf7 28. Ra8+ Kh7 29. Rb8 Nxd6 30. Rd8 Ne4 31. Rxd2 Nxd2 32. a4 bxa4 33. bxa4 Nc4 34. Kf1 Kg6 35. Ke2 Kf6 36. Kf3 Ke5 37. Kg4 g6 38. f4+ Kf6 39. h4 h5+ 40. Kf3 Kf5 41. g3 Na5 42. Ke3 Kg4 43. Kf2 Nc4 44. Kg2 Na5 45. Kf2 Nc6 46. Kg2 Na5 47. Kf2 Kf5 48. Ke3 Nc6 49. Kf2 Ke4 50. Ke2 Nd4+ 51. Kf2 Nb3 52. Ke2 Na5 53. Kf2 Kd3 54. Kf3 Nc4 55. Kf2 Ke4 56. Ke2 Na5 57. Kf2 Nb3 58. Ke2 Nd4+ 59. Kf2 Kd3 60. a5 Nb5 61. a6 Ke4 62. Ke2 Kf5 63. Kf3 Nd4+ 64. Ke3 Nc6 65. Kf3 Na7 66. Ke3 Kg4 67. Kf2 Nc6 68. Kg2 Kf5 69. Kf3 Nd4+ 70. Ke3 Nb5 71. Kf3 Ke6 72. Ke4 Na7 73. Kd4 Kd6 74. Ke4 Nc6 75. f5 Ke7 76. fxg6 Kf6 77. Kf4 Kxg6 78. g4 hxg4 79. Kxg4 Na7 80. h5+ Kh6 81. Kf5 Kxh5 82. Ke6 Kg6 83. Kd7 Kf7 84. Kc7 Nb5+ 85. Kb6 Nd6 86. Kc6 Nc8 87. Kc7 Na7 88. Kb6 Nc8+ 89. Kb7 Nd6+ 90. Kc7 Nb5+ 91. Kb6 Nd6 1/2-1/2

[Event "3rd FIDE WCCC Rapid G10 2019"]
[Site "Minsk"]
[Date "2019.08.16"]
[Round "2.4"]
[White "Fedorova, Olesya"]
[Black "Ho, Ngoc Vy"]
[Result "1-0"]
[ECO "C25"]
[WhiteElo "1578"]
[BlackElo "1416"]
[Annotator "NA"]
[PlyCount "115"]
[EventDate "2019.08.16"]
[EventType "swiss"]
[EventCountry "BLR"]
[SourceTitle "playchess.com"]
[Source "ChessBase"]
[SourceQuality "1"]
[TimeControl "600+5"]

1. e4 e5 2. Nc3 Nc6 3. f4 d6 4. Nf3 Nf6 5. Bb5 exf4 6. d4 Bd7 7. O-O Be7 8. Bxf4 O-O 9. Qd2 a6 10. Bd3 Nb4 11. Rae1 Bc6 12. d5 Bd7 13. a3 Nxd3 14. cxd3 c6 15. dxc6 Bxc6 16. d4 d5 17. e5 Ne4 18. Qe3 Re8 19. Nxe4 dxe4 20. Nd2 f5 21. Rc1 Qd5 22. Nc4 Rad8 23. Rfd1 Bb5 24. Nb6 Qe6 25. d5 Qg6 26. d6 Bf8 27. Nd5 Rc8 28. Nc7 Bd7 29. Nxe8 Rxe8 30. Qg3 Qe6 31. Rc7 Rc8 32. Rxc8 Bxc8 33. Rc1 Bd7 34. Rc7 Bb5 35. Qc3 Bc6 36. b4 h6 37. a4 Bxa4 38. Qc4 Qxc4 39. Rxc4 g5 40. Bd2 Kf7 41. Kf2 Ke6 42. Bc3 Bg7 43. Rc7 Bc6 44. Rxg7 b5 45. g3 f4 46. gxf4 gxf4 47. Re7+ Kd5 48. d7 Bxd7 49. Rxd7+ Kc4 50. Be1 e3+ 51. Kf3 a5 52. bxa5 b4 53. Bxb4 Kxb4 54. a6 Kc3 55. a7 e2 56. Kxe2 f3+ 57. Kxf3 Kc4 58. a8=Q 1-0

[Event "3rd FIDE WCCC Rapid G10 2019"]
[Site "Minsk"]
[Date "2019.08.16"]
[Round "2.5"]
[White "Tsareva, Darya"]
[Black "Nurgaliyeva, Zarina"]
[Result "0-1"]
[ECO "C44"]
[WhiteElo "1177"]
[BlackElo "1474"]
[Annotator "NA"]
[PlyCount "78"]
[EventDate "2019.08.16"]
[EventType "swiss"]
[EventCountry "BLR"]
[SourceTitle "playchess.com"]
[Source "ChessBase"]
[SourceQuality "1"]
[TimeControl "600+5"]

1. e4 e5 2. Nf3 Nc6 3. d4 exd4 4. Nxd4 Qf6 5. Nxc6 Bc5 6. f3 bxc6 7. Nc3 Ne7 8. Bc4 d5 9. exd5 Qh4+ 10. g3 Qxc4 11. dxc6 O-O 12. Qe2 Qxe2+ 13. Kxe2 Nxc6 14. Nb5 Ba6 15. c4 Bxb5 16. cxb5 Nd4+ 17. Kd3 Rad8 18. Kc4 Bb6 19. Rf1 Rd7 20. a4 c6 21. a5 cxb5+ 22. Kb4 Nc2+ 23. Kc3 Nxa1 24. axb6 axb6 25. Bf4 Rc8+ 26. Kb4 Nc2+ 27. Kxb5 Rd3 28. Be5 Ne3 29. Ra1 Rb3+ 30. Ka4 Ra8+ 31. Kxb3 Rxa1 32. Bd4 Nf1 33. Bxb6 Nxh2 34. Kc4 Nf1 35. g4 Nd2+ 36. Kc3 Nxf3 37. b4 Ne5 38. b5 Rb1 39. Bd4 Rxb5 0-1

[Event "3rd FIDE WCCC Rapid G10 2019"]
[Site "Minsk"]
[Date "2019.08.16"]
[Round "2.6"]
[White "Efimova, Darya"]
[Black "Kayumova, Karina"]
[Result "0-1"]
[ECO "C55"]
[WhiteElo "1385"]
[BlackElo "1085"]
[Annotator "NA"]
[PlyCount "76"]
[EventDate "2019.08.16"]
[EventType "swiss"]
[EventCountry "BLR"]
[SourceTitle "playchess.com"]
[Source "ChessBase"]
[SourceQuality "1"]
[TimeControl "600+5"]

1. e4 e5 2. Nf3 Nc6 3. d4 exd4 4. Bc4 Nf6 5. e5 d5 6. Bb5 Nd7 7. Bxc6 bxc6 8. Nxd4 Bc5 9. Nf3 O-O 10. O-O Re8 11. Re1 Bb7 12. Nc3 Nb6 13. Bg5 Be7 14. Bxe7 Qxe7 15. Nd4 Qh4 16. b3 Qg5 17. Nf3 Qg6 18. Qd2 c5 19. Qf4 d4 20. Ne4 Nd5 21. Qh4 Nb4 22. Rad1 Nxc2 23. Re2 Rab8 24. Rc1 d3 25. Ree1 Nxe1 26. Rxe1 Rbd8 27. Nfd2 Rd4 28. f3 Red8 29. Nd6 Rxh4 30. Nxb7 Rf8 31. Nxc5 Qb6 32. b4 Rxb4 33. Rc1 Rb2 34. Nde4 d2 35. Rd1 Rb1 36. Rxb1 Qxb1+ 37. Kf2 d1=Q 38. e6 Qe1# 0-1

[Event "3rd FIDE WCCC Rapid G10 2019"]
[Site "Minsk"]
[Date "2019.08.16"]
[Round "3.1"]
[White "Shukhman, Anna"]
[Black "Maklakova, Naomi"]
[Result "1-0"]
[ECO "C11"]
[WhiteElo "1806"]
[BlackElo "1194"]
[Annotator "NA"]
[PlyCount "69"]
[EventDate "2019.08.16"]
[EventType "swiss"]
[EventCountry "BLR"]
[SourceTitle "playchess.com"]
[Source "ChessBase"]
[SourceQuality "1"]
[TimeControl "600+5"]

1. e4 e6 2. Nf3 d5 3. Nc3 Nf6 4. e5 Nfd7 5. d4 c5 6. dxc5 Bxc5 7. Bd3 f6 8. Qe2 Nc6 9. exf6 Nxf6 10. Bg5 O-O 11. O-O Be7 12. Nb5 a6 13. Nbd4 Ne4 14. Bxe7 Nxd4 15. Nxd4 Qxe7 16. Bxe4 dxe4 17. Qxe4 Qb4 18. Qe3 Qxb2 19. Rfb1 Qxa1 20. Rxa1 Bd7 21. Rb1 b5 22. Rd1 Rad8 23. Nxe6 Bxe6 24. Qxe6+ Kh8 25. Rxd8 Rxd8 26. g3 a5 27. Qb6 Rc8 28. Qxb5 h6 29. c4 a4 30. Qxa4 Rd8 31. c5 Rc8 32. c6 Rc7 33. Qa8+ Kh7 34. Qb7 Rxb7 35. cxb7 1-0

[Event "3rd FIDE WCCC Rapid G10 2019"]
[Site "Minsk"]
[Date "2019.08.16"]
[Round "3.2"]
[White "Mai, Hieu Linh"]
[Black "Fedorova, Olesya"]
[Result "1-0"]
[ECO "B24"]
[WhiteElo "1344"]
[BlackElo "1578"]
[Annotator "NA"]
[PlyCount "53"]
[EventDate "2019.08.16"]
[EventType "swiss"]
[EventCountry "BLR"]
[SourceTitle "playchess.com"]
[Source "ChessBase"]
[SourceQuality "1"]
[TimeControl "600+5"]

1. e4 c5 2. Nc3 Nc6 3. g3 g6 4. Bg2 Bg7 5. d3 e6 6. Be3 Nd4 7. Qd2 Ne7 8. Nd1 Qc7 9. c3 Nb5 10. d4 cxd4 11. cxd4 O-O 12. Rc1 Qd8 13. Nf3 d5 14. e5 b6 15. O-O Ba6 16. Re1 Qd7 17. Nc3 Rac8 18. Nxb5 Bxb5 19. Bh6 Bxh6 20. Qxh6 Nf5 21. Qd2 a5 22. g4 Ne7 23. Qh6 Rxc1 24. Rxc1 f5 25. Ng5 Nc6 26. gxf5 exf5 27. Bxd5+ 1-0

[Event "3rd FIDE WCCC Rapid G10 2019"]
[Site "Minsk"]
[Date "2019.08.16"]
[Round "3.3"]
[White "Nurgaliyeva, Zarina"]
[Black "Zubkovskaya, Ekaterina"]
[Result "1-0"]
[ECO "C49"]
[WhiteElo "1474"]
[BlackElo "1449"]
[Annotator "NA"]
[PlyCount "159"]
[EventDate "2019.08.16"]
[EventType "swiss"]
[EventCountry "BLR"]
[SourceTitle "playchess.com"]
[Source "ChessBase"]
[SourceQuality "1"]
[TimeControl "600+5"]

1. e4 e5 2. Nf3 Nc6 3. Nc3 Nf6 4. Bb5 Bb4 5. O-O d6 6. Nd5 Bc5 7. d4 exd4 8. b4 Bb6 9. Nxb6 axb6 10. Nxd4 Bd7 11. Nf5 O-O 12. Bg5 Bxf5 13. Bxc6 bxc6 14. exf5 Re8 15. Qf3 d5 16. a4 Qd6 17. b5 cxb5 18. axb5 Rxa1 19. Rxa1 Qe5 20. Rf1 Ne4 21. Qf4 Qc3 22. Bh4 Nd2 23. Rd1 Qxc2 24. Ra1 Qc3 25. Rd1 Nb3 26. h3 d4 27. f6 d3 28. Qg4 g6 29. Qf4 Qc5 30. Qh6 Qf8 31. Qxf8+ Rxf8 32. Rxd3 Nc5 33. Rd1 Re8 34. Bg3 Ne6 35. Rd7 Kf8 36. Bxc7 Nxc7 37. Rxc7 Rb8 38. g4 h6 39. h4 g5 40. hxg5 hxg5 41. f4 gxf4 42. Kf2 Kg8 43. Kf3 Kh7 44. Rxf7+ Kg6 45. Rc7 Kxf6 46. Kxf4 Kg6 47. Rc6+ Kf7 48. Kf5 Rb7 49. g5 Kg7 50. g6 Rb8 51. Rc7+ Kg8 52. g7 Kh7 53. Kf6 Rg8 54. Rf7 Kh6 55. Rf8 Rxg7 56. Rh8+ Rh7 57. Rxh7+ Kxh7 58. Ke6 Kg7 59. Kd6 Kf7 60. Kc6 Ke7 61. Kxb6 Kd8 62. Ka7 Kc7 63. b6+ Kc6 64. b7 Kc5 65. b8=Q Kd5 66. Qc7 Ke6 67. Qd8 Ke5 68. Qd7 Kf6 69. Qe8 Kf5 70. Qe7 Kf4 71. Qe6 Kf3 72. Qe5 Kf2 73. Qe4 Kf1 74. Qc2 Ke1 75. Kb6 Kf1 76. Kc5 Ke1 77. Kd4 Kf1 78. Ke3 Kg1 79. Kf3 Kh1 80. Qg2# 1-0

[Event "3rd FIDE WCCC Rapid G10 2019"]
[Site "Minsk"]
[Date "2019.08.16"]
[Round "3.4"]
[White "Khamdamova, Afruza"]
[Black "Liashkevich, Lizaveta"]
[Result "0-1"]
[ECO "B90"]
[WhiteElo "1607"]
[BlackElo "1370"]
[Annotator "NA"]
[PlyCount "126"]
[EventDate "2019.08.16"]
[EventType "swiss"]
[EventCountry "BLR"]
[SourceTitle "playchess.com"]
[Source "ChessBase"]
[SourceQuality "1"]
[TimeControl "600+5"]

1. e4 c5 2. Nf3 d6 3. d4 cxd4 4. Nxd4 Nf6 5. Nc3 a6 6. Bc4 e6 7. O-O b5 8. Bd3 Bb7 9. a3 Be7 10. Be3 Nbd7 11. f4 O-O 12. Qe2 Qc7 13. Rad1 Nc5 14. Bf2 Rac8 15. e5 dxe5 16. fxe5 Nd5 17. Nxd5 Bxd5 18. Qh5 Nxd3 19. Rxd3 f6 20. Rh3 Qxe5 21. Qxh7+ Kf7 22. Rg3 Rg8 23. Qg6+ Kf8 24. Re1 Qd6 25. Be3 Bd8 26. Rf1 Qe7 27. h4 Qf7 28. Qh7 Ke7 29. h5 Bc7 30. Rg4 f5 31. Rg6 Be5 32. Bg5+ Kd7 33. Nf3 Bxb2 34. Bc1 Bf6 35. Rg3 Rh8 36. Qg6 Qxg6 37. hxg6 Ke7 38. Bg5 Bxg5 39. Nxg5 Rxc2 40. Re1 Kd7 41. Nf7 Rhc8 42. Ne5+ Ke7 43. Nf3 Rb2 44. Nd4 Kd7 45. Rd1 Ke7 46. Re1 Kd6 47. Rd1 Ke7 48. Re1 Kd6 49. Rd1 Ra2 50. Nf3 Ke7 51. Rh3 Bxf3 52. Rxf3 Rcc2 53. Rg3 Rab2 54. Ra1 Rd2 55. Kh2 Kf6 56. Kh3 Rd8 57. Kh2 Rdd2 58. Kh3 Rd8 59. Kh2 Rh8+ 60. Kg1 Rh6 61. Re1 Rc2 62. Rge3 Rc6 63. Ra1 Rxg6 0-1

[Event "3rd FIDE WCCC Rapid G10 2019"]
[Site "Minsk"]
[Date "2019.08.16"]
[Round "3.5"]
[White "Prochaieva, Alina"]
[Black "Sidorenja, Milena"]
[Result "0-1"]
[ECO "A00"]
[WhiteElo "1249"]
[BlackElo "1573"]
[Annotator "NA"]
[PlyCount "80"]
[EventDate "2019.08.16"]
[EventType "swiss"]
[EventCountry "BLR"]
[SourceTitle "playchess.com"]
[Source "ChessBase"]
[SourceQuality "1"]
[TimeControl "600+5"]

1. g3 d5 2. Bg2 c6 3. d3 Nf6 4. a3 Bf5 5. e3 e6 6. h3 Bd6 7. b4 Be5 8. Ra2 O-O 9. Ne2 Qc7 10. f4 Bd6 11. O-O Nbd7 12. g4 Bg6 13. Nd2 h6 14. Bb2 e5 15. f5 Bh7 16. c4 e4 17. dxe4 dxe4 18. Nxe4 Nxe4 19. Bxe4 Rae8 20. Qc2 Be5 21. Nd4 c5 22. Nb5 Qb8 23. Nc3 Bxc3 24. Bxc3 Qg3+ 25. Bg2 Rxe3 26. Be1 Rxe1 27. Rxe1 Qxe1+ 28. Kh2 cxb4 29. axb4 Qxb4 30. Rxa7 Nc5 31. Ra1 Qb6 32. Rb1 Qd6+ 33. Kh1 Re8 34. Bd5 Qg3 35. Bg2 g6 36. Rf1 Nd3 37. Rf3 Re1+ 38. Bf1 Qxf3+ 39. Kg1 Qxf1+ 40. Kh2 Qg1# 0-1

[Event "3rd FIDE WCCC Rapid G10 2019"]
[Site "Minsk"]
[Date "2019.08.16"]
[Round "3.6"]
[White "Shenker, Angelina"]
[Black "Mutina, Sofia"]
[Result "1/2-1/2"]
[ECO "A46"]
[WhiteElo "1403"]
[BlackElo "1421"]
[Annotator "NA"]
[PlyCount "71"]
[EventDate "2019.08.16"]
[EventType "swiss"]
[EventCountry "BLR"]
[SourceTitle "playchess.com"]
[Source "ChessBase"]
[SourceQuality "1"]
[TimeControl "600+5"]

1. d4 Nf6 2. Nf3 d5 3. c4 e6 4. g3 c6 5. Bg2 Bd6 6. O-O O-O 7. Qc2 Nbd7 8. Nbd2 b6 9. e4 dxe4 10. Nxe4 Nxe4 11. Qxe4 Bb7 12. Rd1 Nf6 13. Qc2 Qc7 14. c5 Be7 15. Bf4 Qd8 16. Ne5 bxc5 17. dxc5 Nd5 18. Bd2 Bf6 19. Ng4 Be7 20. Ne3 Qc7 21. Rac1 Rac8 22. b4 Ba6 23. Nc4 Bxc4 24. Qxc4 Rfd8 25. a3 Bf6 26. Qb3 Qb7 27. Be1 Rb8 28. Rb1 a6 29. Qc4 Qb5 30. Bf1 g6 31. Qb3 Qb7 32. Qa4 Ra8 33. Qb3 Rab8 34. Qa4 Ra8 35. Qb3 Rab8 36. Qa4 1/2-1/2

[Event "3rd FIDE WCCC Rapid G10 2019"]
[Site "Minsk"]
[Date "2019.08.16"]
[Round "4.1"]
[White "Liashkevich, Lizaveta"]
[Black "Shukhman, Anna"]
[Result "0-1"]
[ECO "A85"]
[WhiteElo "1370"]
[BlackElo "1806"]
[Annotator "NA"]
[PlyCount "134"]
[EventDate "2019.08.16"]
[EventType "swiss"]
[EventCountry "BLR"]
[SourceTitle "playchess.com"]
[Source "ChessBase"]
[SourceQuality "1"]
[TimeControl "600+5"]

1. d4 f5 2. c4 Nf6 3. Nc3 e6 4. Nf3 Be7 5. Qc2 O-O 6. Bg5 d6 7. e3 Nbd7 8. Bd3 h6 9. Bh4 Qe8 10. O-O-O c5 11. Bg3 Nh5 12. Nb5 Nxg3 13. hxg3 Qd8 14. Nh4 a6 15. Nc3 cxd4 16. exd4 Bxh4 17. gxh4 b5 18. cxb5 axb5 19. Bxb5 Bb7 20. f3 Nf6 21. Bc4 d5 22. Bd3 Qb6 23. Be2 Rfc8 24. Kb1 Bc6 25. Qd2 Be8 26. g4 fxg4 27. fxg4 Bg6+ 28. Bd3 Bxd3+ 29. Qxd3 Rab8 30. Qd2 Qb4 31. Rc1 Nxg4 32. Rc2 Rc4 33. Ne2 Qxd2 34. Rxd2 Nf2 35. Rf1 Ne4 36. Rc2 Rbc8 37. Rxc4 Rxc4 38. b3 Nd2+ 39. Kb2 Nxf1 40. bxc4 dxc4 41. Kc3 Ne3 42. a4 Kf7 43. a5 Ke7 44. a6 Kd7 45. a7 Nd5+ 46. Kxc4 Nb6+ 47. Kb5 Kc7 48. Ka6 g5 49. hxg5 hxg5 50. Ng3 g4 51. Ne4 Kc6 52. Ng3 Na8 53. Nh5 Nc7+ 54. Ka5 Kb7 55. Kb4 Kxa7 56. Kc4 Kb6 57. Kd3 Kc6 58. Ke4 Nd5 59. Nf4 Nxf4 60. Kxf4 Kd5 61. Kxg4 Kxd4 62. Kf3 e5 63. Kf2 Kd3 64. Ke1 e4 65. Kd1 e3 66. Ke1 e2 67. Kf2 Kd2 0-1